 Dungeon Sprint DCSS version 0.31-a0-1458-g2f8d4710b4 (webtiles) character file.

Game seed: 4187633401692312170

7326 Groucho the Devastator (level 10, -3/59 HPs)
             Began as a Deep Elf Earth Elementalist on Dec 28, 2023.
             Was the Champion of Vehumet.
             Killed from afar by a nagaraja (38 damage)
             ... with a bolt of poison
             ... in the Dungeon (Sprint VII: "The Pits").
             The game lasted 00:13:30 (5886 turns).

Groucho the Devastator (DEEE)                       Turns: 5886, Time: 00:13:30

Health: -3/59      AC: 14    Str:  5    XL:     10   Next: 90%
Magic:  2/22       EV: 15    Int: 28    God:    Vehumet [******]
Gold:   0          SH:  0    Dex: 15    Spells: 9/23 levels left

rFire   . . .        h - +2 dagger
rCold   . . .        (no shield)
rNeg    . . .        q - +5 ring mail
rPois   .            (no helmet)
rElec   .            (no cloak)
rCorr   .            p - +0 pair of gloves
SInv    .            o - +0 pair of boots
Will    +....        (no amulet)
Stlth   ++++         g - +3 ring of evasion
HPRegen 0.29/turn    m - +3 ring of intelligence
MPRegen 0.18/turn

%: no teleportation
@: lethally poisoned (-3 -> -27), untranslocatable
A: no striking features
a: Renounce Religion


You were in the Dungeon.
You worshipped Vehumet.
Vehumet was exalted by your worship.
You visited 1 branch

Inventory:

Hand Weapons
 h - a +2 dagger (weapon)
 n - a +2 rapier of venom
Armour
 a - a +0 robe
 o - a +0 pair of boots (worn)
 p - a +0 pair of gloves (worn)
 q - a +5 ring mail (worn)
 u - a +2 robe of willpower
Jewellery
 g - a +3 ring of evasion (left hand)
 m - a +3 ring of intelligence (right hand)
Scrolls
 j - 2 scrolls of vulnerability
 k - 5 scrolls of amnesia
Potions
 b - 3 potions of magic
 c - 5 potions of curing
 d - 7 potions of heal wounds
 e - 2 potions of haste
 f - 3 potions of berserk rage
 i - a potion of invisibility
 r - a potion of brilliance
 s - a potion of mutation
 t - 2 potions of resistance


   Skills:
 - Level 5.0 Fighting
 - Level 5.0 Short Blades
 - Level 7.0 Armour
 - Level 10.0 Dodging
 - Level 12.0 Stealth
 - Level 7.0 Spellcasting
 - Level 16.0 Conjurations
 + Level 9.1 Fire Magic
 - Level 11.1 Earth Magic
 - Level 7.0 Alchemy


You had 9 spell levels left.
You knew the following spells:

 Your Spells              Type           Power      Damage    Failure   Level
a - Sandblast             Erth           100%       2d20      1%          1
b - Stone Arrow           Conj/Erth      100%       3d13      1%          3
c - Petrify               Alch/Erth      57%        N/A       4%          4
d - Starburst             Conj/Fire      34%        6d10      5%          6

Your spell library contained the following spells:

 Spells                   Type           Power      Damage    Failure   Level
 Passwall                 Erth           64%        N/A       1%          3
 Brom's Barrelling Bould  Conj/Erth      72%        2d9       1%          4


Dungeon Overview and Level Annotations

Branches:
Dungeon (1/1)

Altars:
Ashenzari
Cheibriados
Dithmenos
Elyvilon
Fedhas
Gozag
Hepliaklqana
Kikubaaqudgha
Makhleb
Nemelex Xobeh
Okawaru
Qazlal
Ru
Sif Muna
Trog
Uskayaw
Vehumet
Wu Jian
Xom
Yredelemnul
Zin
The Shining One
Jiyva
Lugonu


Message History

Unknown command.
Unknown command.
Unknown command.
Okay, then.
You feel much better. The nagaraja spits poison at you.
The splash of poison misses you. The nagaraja hits you with a +0 club!!
The nagaraja closely misses you.
You feel much better. The nagaraja hits you with a +0 club!
The nagaraja misses you.
Unknown command.
Unknown command.
Okay, then.
As you read the scroll of butterflies, it crumbles to dust.
You hear the flapping of tiny wings.
The nagaraja is knocked back by the sudden gust.
You swap places.
A kobold brigand comes into view.
It is wielding a +0 club and quivering curare-tipped darts.
The nagaraja completely misses your butterfly.
The nagaraja closely misses your butterfly.
You see here a +0 glaive.
You swap places.
You swap places.
The nagaraja hits your butterfly with a +0 club!
Your butterfly dies!
Your butterfly disappears in a burst of colours!
The nagaraja gestures at you while chanting.
The bolt of poison misses your butterfly.
The bolt of poison hits your butterfly!!
Your butterfly is poisoned.
Your butterfly dies!
Your butterfly disappears in a burst of colours!
The bolt of poison hits your butterfly!!
Your butterfly is poisoned.
Your butterfly dies!
Your butterfly disappears in a burst of colours!
The bolt of poison hits you!!!
You are poisoned.
Ouch! That really hurt!
You die...

############ #_________.#
#_________.#
#_______...###########++######
##########'##..bb............#
#..(.')))'.##..bb..#..#......#
##########.##.bbbb.bb.bb.....+
#...........)bbbbbbbbb.......+
#'#####'#####..@..b#..#......#
#.#.)#..#[[##...bbb.N.b......#
#.#..'..#))#####b#####''######
#.#..####))##....b..##''# #####
#.#..#..#))##.......##).###...##
#.#.รท#..#..##.......##...##...##
#.##)#..#'###...<...###...##'##.
#)#..).....##.......# ##........
#.#........##.......###..###'###


You could see a nagaraja (fast, ally target).

Vanquished Creatures
  A vampire mage (D)
  A sea snake (D)
  A deep troll (D)
  A naga ritualist (D)
  A deep elf pyromancer (D)
  An orc knight (D)
  A naga mage (D)
  2 orange demons (D)
  A molten gargoyle (D)
  A gargoyle (D)
  A cane toad (D)
  A guardian mummy (D)
  An unseen horror (D)
  A tyrant leech (D)
  2 wraiths (D)
  A warg (D)
  A steam dragon (D)
  3 nagas (D)
  An ice beast (D)
  An orc warrior (D)
  A swamp drake (D)
  2 black bears (D)
  2 wolves (D)
  2 brain worms (D)
  A necrophage (D)
  A scorpion (D)
  A crimson imp (D)
  Crazy Yiuf (D)
  An orc priest (D)
  Terence (D)
  2 gnolls (D)
  An adder (D)
  A white imp (D)
  A worm (D)
  5 orcs (D)
  An endoplasm (D)
  2 goblins (D)
  2 hobgoblins (D)
  A quokka (D)
  A ball python skeleton (D)
  A ball python zombie (D)
  2 rats (D)
57 creatures vanquished.

Notes
Turn   | Place    | Note
-------+----------+-------------------------------------------
     0 | D        | Groucho the Deep Elf Earth Elementalist began the quest for
                  | the Orb.
     0 | D        | Reached XP level 1. HP: 10/10 MP: 6/6
     9 | D        | Noticed a scorpion
    16 | D        | Killed a scorpion
    17 | D        | Reached skill level 5 in Spellcasting
    17 | D        | Reached XP level 2. HP: 4/15 MP: 1/10
    17 | D        | Reached XP level 3. HP: 5/19 MP: 1/11
   400 | D        | Found a bloodstained altar of Trog.
   400 | D        | Found a shimmering blue altar of Sif Muna.
   400 | D        | Found a viscous altar of Jiyva.
   400 | D        | Found a hazy altar of Hepliaklqana.
   400 | D        | Found an opulent altar of Gozag.
   401 | D        | Found a glowing golden altar of the Shining One.
   401 | D        | Found a glowing silver altar of Zin.
   401 | D        | Found a basalt altar of Yredelemnul.
   401 | D        | Found a shimmering altar of Xom.
   401 | D        | Found an ornate altar of the Wu Jian Council.
   401 | D        | Found a sacrificial altar of Ru.
   401 | D        | Found a stormy altar of Qazlal.
   401 | D        | Found an iron altar of Okawaru.
   401 | D        | Found a sparkling altar of Nemelex Xobeh.
   401 | D        | Found a burning altar of Makhleb.
   401 | D        | Found a blossoming altar of Fedhas.
   401 | D        | Found a white marble altar of Elyvilon.
   401 | D        | Found a shadowy altar of Dithmenos.
   401 | D        | Found a snail-covered altar of Cheibriados.
   403 | D        | Found a radiant altar of Vehumet.
   403 | D        | Found a corrupted altar of Lugonu.
   404 | D        | Found a hide-covered altar of Uskayaw.
   404 | D        | Found an ancient bone altar of Kikubaaqudgha.
   404 | D        | Found a broken altar of Ashenzari.
   411 | D        | Became a worshipper of Vehumet
   427 | D        | Learned a level 3 spell: Stone Arrow
   638 | D        | Reached * piety under Vehumet
   638 | D        | Offered knowledge of Magic Dart by Vehumet.
   642 | D        | Reached XP level 4. HP: 24/24 MP: 11/14
   802 | D        | Reached ** piety under Vehumet
   804 | D        | Offered knowledge of Foxfire by Vehumet.
   806 | D        | Reached skill level 1 in Conjurations
   808 | D        | Reached skill level 2 in Conjurations
  1001 | D        | Noticed Crazy Yiuf
  1009 | D        | Offered knowledge of Mercury Vapours by Vehumet.
  1011 | D        | Killed Crazy Yiuf
  1011 | D        | Reached *** piety under Vehumet
  1012 | D        | Reached skill level 5 in Conjurations
  1015 | D        | Reached skill level 7 in Conjurations
  1015 | D        | Reached XP level 5. HP: 28/28 MP: 6/16
  1016 | D        | Reached **** piety under Vehumet
  1379 | D        | Learned a level 4 spell: Petrify
  1400 | D        | Noticed an ice beast
  1403 | D        | Killed an ice beast
  1403 | D        | Offered knowledge of Volatile Blastmotes by Vehumet.
  1404 | D        | Reached skill level 10 in Conjurations
  1655 | D        | Noticed a sea snake
  1868 | D        | Killed a sea snake
  1868 | D        | Offered knowledge of Lee's Rapid Deconstruction by Vehumet.
  1869 | D        | Reached skill level 5 in Short Blades
  1869 | D        | Reached skill level 5 in Dodging
  1869 | D        | Reached XP level 6. HP: 38/38 MP: 12/18
  1869 | D        | Reached XP level 7. HP: 43/43 MP: 12/19
  2114 | D        | Noticed Terence
  2118 | D        | Killed Terence
  2118 | D        | Reached ***** piety under Vehumet
  2118 | D        | Offered knowledge of Olgreb's Toxic Radiance by Vehumet.
  2122 | D        | Reached skill level 5 in Fighting
  2508 | D        | Noticed a warg
  2508 | D        | Noticed a deep troll
  2512 | D        | Killed a warg
  2513 | D        | Reached XP level 8. HP: 49/49 MP: 15/20
  2520 | D        | Killed a deep troll
  2521 | D        | Reached skill level 10 in Earth Magic
  2521 | D        | Reached skill level 12 in Conjurations
  2522 | D        | Reached skill level 13 in Conjurations
  2689 | D        | Noticed a deep elf pyromancer
  2690 | D        | Noticed a gargoyle
  2703 | D        | Killed a gargoyle
  2704 | D        | Reached skill level 14 in Conjurations
  2709 | D        | Killed a deep elf pyromancer
  2710 | D        | Reached skill level 15 in Conjurations
  2710 | D        | Reached XP level 9. HP: 27/54 MP: 11/21
  2985 | D        | Noticed a naga mage
  3000 | D        | Reached skill level 5 in Armour
  3033 | D        | Killed a naga mage
  3033 | D        | Offered knowledge of Ignite Poison by Vehumet.
  3136 | D        | Noticed a naga ritualist
  3143 | D        | Killed a naga ritualist
  3563 | D        | Noticed an orange demon
  3570 | D        | Killed an orange demon
  3892 | D        | Reached skill level 10 in Dodging
  3892 | D        | Reached XP level 10. HP: 52/59 MP: 18/22
  4246 | D        | Noticed a cane toad
  4250 | D        | Killed a cane toad
  4250 | D        | Offered knowledge of Yara's Violent Unravelling by Vehumet.
  4278 | D        | Reached skill level 10 in Stealth
  4287 | D        | Noticed an orc knight
  4396 | D        | Killed an orc knight
  4396 | D        | Reached ****** piety under Vehumet
  4601 | D        | Offered knowledge of Starburst by Vehumet.
  4961 | D        | Learned a level 6 spell: Starburst
  5073 | D        | Noticed a molten gargoyle
  5076 | D        | Killed a molten gargoyle
  5105 | D        | Noticed a nagaraja
  5106 | D        | Noticed a vampire mage
  5109 | D        | Reached skill level 16 in Conjurations
  5191 | D        | Killed a vampire mage
  5525 | D        | Noticed an orange demon
  5529 | D        | Killed an orange demon
  5886 | D        | Killed from afar by a nagaraja

Illustrated notes

Levels and vault maps discovered:
D:        pitsprint [storerooms_1, entrance_room_1, metal_vault_5, armoury_1,
          mini_pit_1, grid_room_1, main_hall_1, silver_pit, the_coven_2,
          the_vestibule_1, steel_vault_2, golden_pit, hallway_of_sentries,
          crystal_vault_1, iron_vault_4, final_vault]

Skill      XL: |  1  2  3  4  5  6  7  8  9 10 |
---------------+-------------------------------+-----
Earth Magic    | 8 9 10 11 | 11.1
Spellcasting   | 5 6 7 |  7.0
Conjurations   | 7 10 15 16 | 16.0
Alchemy        | 7 |  7.0
Short Blades   | 5 |  5.0
Stealth        | 7 12 | 12.0
Fighting       | 4 5 |  5.0
Dodging        | 5 10 | 10.0
Armour         | 3 7 |  7.0
Fire Magic     | 9 |  9.1

Action                     |  1- 3 |  4- 6 |  7- 9 | 10-12 || total
---------------------------+-------+-------+-------+-------++-------
  Melee: Dagger            |       |       |     3 |    13 ||    16
   Cast: Sandblast         |     9 |    10 |     1 |       ||    20
         Stone Arrow       |       |    11 |    41 |    52 ||   104
         Petrify           |       |       |     1 |       ||     1
         Starburst         |       |       |       |     2 ||     2
    Use: Potion            |       |       |     3 |     5 ||     8
         Scroll            |       |       |     1 |     1 ||     2
   Stab: Petrifying        |       |       |     2 |       ||     2
         Invisible         |       |       |       |     3 ||     3
 Armour: Robe              |     3 |     4 |     2 |       ||     9
         Ring mail         |       |       |    13 |    19 ||    32
  Dodge: Dodged            |     3 |     6 |     4 |    21 ||    34

Table legend: (Time is in decaauts)
 A = Elapsed time spent in this place.
 B = Non-inter-level travel time spent in this place.
 C = Inter-level travel time spent in this place.
 D = Time resting spent in this place.
 E = Time spent auto-exploring this place.
 F = Levels seen in this place.
 G = Mean time per level.
                   A        B        C        D        E       F      G
               +--------+--------+--------+--------+--------+-----+--------+
         Total |   5890 |   5890 |      0 |   5056 |      0 |   1 | 5890.0 |
       Dungeon |   5890 |   5890 |      0 |   5056 |      0 |   1 | 5890.0 |
               +--------+--------+--------+--------+--------+-----+--------+

Top non-repeatable levels by time:
       D: 5890 daAuts
